 Dungeon Sprint DCSS version 0.24.0-37-gcf1ca852f1 (webtiles) character file.

Game seed: 15720692047613372105, levelgen mode: deterministic

13230 Cryoshakespeare the Brawler (level 12, -3/136 HPs)
             Began as an Ogre Transmuter on Nov 22, 2019.
             Was the Champion of Wu Jian.
             Slain by a lorocyproca (27 damage)
             ... in the Dungeon (Sprint I: "Red Sonja").
             The game lasted 00:14:24 (3594 turns).

Cryoshakespeare the Brawler (Ogre Transmuter)       Turns: 3594, Time: 00:14:24

Health: -3/136     AC:  3    Str: 21    XL:     12   Next: 3%
Magic:  0/17       EV: 10    Int: 16    God:    Wu Jian [******]
Gold:   664        SH:  0    Dex:  9    Spells: 9/18 levels left

rFire    . . .     SeeInvis .     - Unarmed
rCold    . . .     Gourm    .   (no shield)
rNeg     . . .     Faith    .   b - +0 robe
rPois    .         Spirit   .   (helmet restricted)
rElec    .         Reflect  .   (no cloak)
rCorr    .         Harm     .   (gloves unavailable)
MR       +....     Rnd*Rage +   (boots unavailable) Stlth +.........NoTele +
                                (no amulet)
HPRegen  0.32/turn              (no ring)
MPRegen  0.15/turn              (no ring)

@: no status effects
A: large, unfitting armour, horns 1, berserk 1, clever 1, frail 1, screaming 1,
tough skin 1, subdued magic 1
a: Wall Jump, Serpent's Lash, Heavenly Storm, Renounce Religion


You were in the Dungeon.
You worshipped Wu Jian.
Wu Jian was exalted by your worship.
You were not hungry.

You visited 1 branch You collected 1509 gold pieces.
You spent 845 gold pieces at shops.

Inventory:

Missiles
 a - 80 arrows
Armour
 b - a +0 robe (worn)
Jewellery
 n - a +2 ring of strength {unknown}
Wands
 c - a wand of digging (7)
 d - a wand of paralysis (9)
 i - a wand of enslavement (9)
Scrolls
 k - a scroll of amnesia {unknown}
 m - a scroll of silence {unknown}
 q - a scroll of enchant armour {unknown}
Potions
 e - 3 potions of curing
 f - a potion of ambrosia {unknown}
 g - 2 potions of haste
 h - a potion of magic
 l - a potion of degeneration {unknown}
Comestibles
 p - 10 rations


   Skills:
 + Level 18.5 Fighting
 - Level 2.5 Dodging
 * Level 18.9 Unarmed Combat
 - Level 3.5 Spellcasting
 + Level 12.0 Transmutations


You had 9 spell levels left.
You knew the following spells:

 Your Spells              Type           Power        Failure   Level  Hunger
a - Beastly Appendage     Tmut           ####..       1%          1    None
b - Spider Form           Tmut/Pois      ###.......   3%          3    ###....
c - Blade Hands           Tmut           ####......   2%          5    ######.

Your spell library contained the following spells:

 Spells                   Type           Power        Failure   Level  Hunger
 Sticks to Snakes         Tmut           ####....     1%          2    ##.....
 Ice Form                 Ice/Tmut       ###.....     12%         4    ####...


Dungeon Overview and Level Annotations

Branches:
Dungeon (1/1)

Altars:
Cheibriados
Dithmenos
Elyvilon
Fedhas
Gozag
Hepliaklqana
Kikubaaqudgha
Makhleb
Nemelex Xobeh
Okawaru
Qazlal
Ru
Sif Muna
Trog
Uskayaw
Vehumet
Wu Jian
Xom
Yredelemnul
Zin
The Shining One
Jiyva
Lugonu

Shops:
D !*!*[?!([*[***(:}?[[


Innate Abilities, Weirdness & Mutations

You are too large for most types of armour.
You have tough skin. (AC +1)
You have a pair of small horns on your head.
You tend to lose your temper in combat.
Your mind is acute. (Int +2)
You are frail. (-10% HP)
You occasionally shout uncontrollably at your foes.
Your spells are a little easier to cast, but a little less powerful.


Message History

The meliai invokes the aid of its god against you.
Something smites you! Something hits you!
You feel your power leaking away.
You miss something. You barely miss something. Something hits you!!
You hit something but do no damage. Something hits you!!
You punch something! You pummel something!!
The meliai mumbles some strange prayers to its god against you.
Something smites you!
* * * LOW HITPOINT WARNING * * *
Something hits you!!
* * * LOW HITPOINT WARNING * * *
Unknown command.
You feel much better.
The meliai calls down the wrath of its god upon you.
Something smites you!
* * * LOW HITPOINT WARNING * * *
Something hits you!!
You die...

#############################
#__#..')..#.(#§§§§+§§.§§DG.$#
'..'..#...##'#§####§§§.§##$.+
#__####...'..#§# ##...## ##
####§§#####.)+§#+#$###+#
#§§§§§#§§##'####^.$#y#
'§§§§§§§§#○°○.^#..$###
#§§§§.#..#^°○○.'@{$$$#
##+#####'###○.°#^....#
#..[.###.'.#○°.###++##
##'###.###.#.○##
.....'.∩##.#..#
##########.##+# #.......##÷#
#........§§# #'''######§#


You could see a meliai.

Vanquished Creatures
  2 centaur warriors (D)
  Sonja (D)
  A deep troll (D)
  2 unseen horrors (D)
  A lindwurm (D)
  An oklob plant (D)
  8 shining eyes (D)
  A gargoyle (D)
  2 kobold demonologists (D)
  4 demonic crawlers (D)
  A hornet (D)
  A slime creature (D)
  2 redbacks (D)
  Sigmund (D)
  A yak (D)
  13 hogs (D)
  6 floating eyes (D)
  An ogre (D)
  7 necrophages (D)
  8 jellies (D)
  Ijyb (D)
65 creatures vanquished.

Vanquished Creatures (others)
  A gargoyle (D)
  2 ballistomycete spores (D)
3 creatures vanquished.

Grand Total: 68 creatures vanquished

Notes
Turn   | Place    | Note
-------+----------+-------------------------------------------
     0 | D        | Cryoshakespeare the Ogre Transmuter began the quest for the
                  | Orb.
     0 | D        | Reached XP level 1. HP: 19/19 MP: 3/3
     2 | D        | Noticed Ijyb
     8 | D        | Killed Ijyb
     8 | D        | Reached XP level 2. HP: 27/27 MP: 2/6
     8 | D        | Reached XP level 3. HP: 33/33 MP: 2/8
    62 | D        | Learned a level 3 spell: Spider Form
    63 | D        | Noticed an ogre
    68 | D        | Killed an ogre
    68 | D        | Reached XP level 4. HP: 49/49 MP: 5/9
    84 | D        | Noticed Sigmund
    96 | D        | Killed Sigmund
    96 | D        | Reached skill level 5 in Transmutations
    96 | D        | Reached XP level 5. HP: 48/62 MP: 7/10
    96 | D        | Reached XP level 6. HP: 55/71 MP: 7/11
   179 | D        | Found an ornate altar of the Wu Jian Council.
   179 | D        | Found a shimmering blue altar of Sif Muna.
   182 | D        | Found a radiant altar of Vehumet.
   189 | D        | Became a worshipper of the Wu Jian Council
   192 | D        | Found Boenk's General Store.
   192 | D        | Found an ancient bone altar of Kikubaaqudgha.
   192 | D        | Found a hazy altar of Hepliaklqana.
   192 | D        | Found a stormy altar of Qazlal.
   192 | D        | Found a hide-covered altar of Uskayaw.
   192 | D        | Found a blossoming altar of Fedhas.
   192 | D        | Found a bloodstained altar of Trog.
   192 | D        | Found an iron altar of Okawaru.
   192 | D        | Found a basalt altar of Yredelemnul.
   192 | D        | Found a glowing golden altar of the Shining One.
   192 | D        | Found a snail-covered altar of Cheibriados.
   192 | D        | Found a sacrificial altar of Ru.
   192 | D        | Found a glowing silver altar of Zin.
   192 | D        | Found a shadowy altar of Dithmenos.
   192 | D        | Found a white marble altar of Elyvilon.
   192 | D        | Noticed a yak
   193 | D        | Found an opulent altar of Gozag.
   195 | D        | Killed a yak
   204 | D        | Found a sparkling altar of Nemelex Xobeh.
   301 | D        | Found a burning altar of Makhleb.
   301 | D        | Found a viscous altar of Jiyva.
   301 | D        | Found a shimmering altar of Xom.
   301 | D        | Found a corrupted altar of Lugonu.
   301 | D        | Noticed a slime creature
   309 | D        | Killed a slime creature
   309 | D        | Reached skill level 10 in Unarmed Combat
   309 | D        | Reached XP level 7. HP: 45/83 MP: 8/12
   504 | D        | Noticed a kobold demonologist
   505 | D        | Noticed a kobold demonologist
   506 | D        | Reached * piety under Wu Jian
   506 | D        | Reached skill level 10 in Fighting
   510 | D        | Noticed a red devil
   512 | D        | Noticed a soul eater
   520 | D        | Noticed a rust devil
   520 | D        | Killed a kobold demonologist
   520 | D        | Reached XP level 8. HP: 56/97 MP: 10/13
   552 | D        | Killed a kobold demonologist
   783 | D        | Noticed a centaur warrior
   783 | D        | Noticed a centaur warrior
   790 | D        | Killed a centaur warrior
   790 | D        | Reached ** piety under Wu Jian
   790 | D        | Reached XP level 9. HP: 39/110 MP: 11/14
   796 | D        | Killed a centaur warrior
   977 | D        | Killed a gargoyle
  1070 | D        | Learned a level 5 spell: Blade Hands
  1125 | D        | Noticed a hornet
  1128 | D        | Killed a hornet
  1134 | D        | Noticed an oklob plant
  1147 | D        | Killed an oklob plant
  1147 | D        | Reached skill level 15 in Unarmed Combat
  1152 | D        | Reached *** piety under Wu Jian
  1161 | D        | Reached XP level 10. HP: 119/123 MP: 6/15
  1193 | D        | Noticed Sonja
  1194 | D        | Paralysed by Sonja for 4 turns
  1198 | D        | Killed Sonja
  1198 | D        | Reached skill level 15 in Fighting
  1398 | D        | Found Omabi's Distillery.
  1420 | D        | Noticed a deep troll
  1425 | D        | Killed a deep troll
  1682 | D        | Found Sairr's Armour Emporium.
  1706 | D        | Bought a ration for 65 gold pieces
  1878 | D        | Noticed a shining eye
  1878 | D        | Noticed a shining eye
  1878 | D        | Noticed a shining eye
  1947 | D        | Killed an unseen horror
  1947 | D        | Reached **** piety under Wu Jian
  1953 | D        | Killed an unseen horror
  1970 | D        | Reached ***** piety under Wu Jian
  2013 | D        | Reached ****** piety under Wu Jian
  2045 | D        | Found Houps's Antique Weapon Shoppe.
  2045 | D        | Found Kesh's Distillery.
  2045 | D        | Found Ruli's Armour Boutique.
  2047 | D        | Found Keap's Assorted Antiques.
  2047 | D        | Found Omekh's Antique Armour Shop.
  2047 | D        | Found Ulokh's Assorted Antiques.
  2047 | D        | Found Niaxudd's General Store.
  2047 | D        | Found Apuele Ytoy's Assorted Antiques.
  2047 | D        | Found Zemeaklu's Weapon Shop.
  2047 | D        | Found Huneock's Book Shoppe.
  2050 | D        | Found Moad's Gadget Boutique.
  2051 | D        | Found Laisaz's Armour Emporium.
  2051 | D        | Found Fasetuwk's Magic Scroll Boutique.
  2052 | D        | Found Ydoseus's Food Emporium.
  2061 | D        | Bought a ration for 60 gold pieces
  2272 | D        | Bought a ration for 60 gold pieces
  2272 | D        | Bought a ration for 60 gold pieces
  2272 | D        | Bought a ration for 60 gold pieces
  2272 | D        | Bought a ration for 60 gold pieces
  2272 | D        | Bought a ration for 60 gold pieces
  2272 | D        | Bought a ration for 60 gold pieces
  2272 | D        | Bought a ration for 60 gold pieces
  2272 | D        | Bought a ration for 60 gold pieces
  2272 | D        | Bought a ration for 60 gold pieces
  2272 | D        | Bought a ration for 60 gold pieces
  2272 | D        | Bought a ration for 60 gold pieces
  2272 | D        | Bought a ration for 60 gold pieces
  2323 | D        | Reached skill level 10 in Transmutations
  2323 | D        | Reached XP level 11. HP: 70/134 MP: 8/16
  2725 | D        | Noticed a lindwurm
  2730 | D        | Killed a lindwurm
  3063 | D        | Noticed a 12-headed hydra
  3064 | D        | Paralysed by a floating eye for 2 turns
  3419 | D        | Gained mutation: Your mind is acute. (Int +2) [a shining
                  | eye]
  3419 | D        | Gained mutation: You have a pair of small horns on your
                  | head. [a shining eye]
  3434 | D        | Killed a shining eye
  3435 | D        | Noticed a shining eye
  3438 | D        | Killed a shining eye
  3441 | D        | Killed a shining eye
  3441 | D        | Paralysed by a floating eye for 4 turns
  3441 | D        | Gained mutation: You occasionally shout uncontrollably at
                  | your foes. [a shining eye]
  3444 | D        | Gained mutation: Your spells are a little easier to cast,
                  | but a little less powerful. [a shining eye]
  3446 | D        | Noticed a shining eye
  3446 | D        | Gained mutation: You tend to lose your temper in combat. [a
                  | shining eye]
  3447 | D        | Killed a shining eye
  3448 | D        | Gained mutation: You are frail. (-10% HP) [a shining eye]
  3451 | D        | Killed a shining eye
  3454 | D        | Noticed a shining eye
  3472 | D        | Killed a shining eye
  3476 | D        | Noticed a shining eye
  3476 | D        | Noticed a shining eye
  3480 | D        | Killed a shining eye
  3483 | D        | Killed a shining eye
  3483 | D        | Reached XP level 12. HP: 134/134 MP: 13/17
  3510 | D        | Found Dien's General Store.
  3510 | D        | Found Ytoafin's Armour Shop.
  3510 | D        | Found Oruvigg's Distillery.
  3510 | D        | Found Sietyiz's Magic Scroll Boutique.
  3594 | D        | Slain by a lorocyproca

Levels and vault maps discovered:
D:        dungeon_sprint_1 [red_sonja_temple_1, red_sonja_temple_small_1]

Skill      XL: |  1  2  3  4  5  6  7  8  9 10 11 |
---------------+----------------------------------+-----
Dodging        | 2 |  2.5
Unarmed Combat | 4 6 8 10 11 13 15 16 18 | 18.9
Spellcasting   | 3 |  3.5
Transmutations | 2 4 5 7 8 10 12 | 12.0
Fighting       | 4 7 9 11 13 14 16 18 | 18.5

Action                   |  1- 3 |  4- 6 |  7- 9 | 10-12 || total
-------------------------+-------+-------+-------+-------++-------
Melee: Unarmed           |     8 |    19 |    43 |   113 ||   183
       Kick              |     2 |       |       |       ||     2
       Punch             |       |       |     1 |     6 ||     7
       Headbutt          |       |       |       |     9 ||     9
 Cast: Beastly Appendage |     1 |       |       |       ||     1
       Spider Form       |     1 |     3 |     4 |     2 ||    10
       Blade Hands       |       |       |     2 |    13 ||    15
Invok: Lunge             |       |     1 |     4 |    17 ||    22
       Whirlwind         |       |       |     1 |     5 ||     6
       Serpent's Lash    |       |       |       |     2 ||     2
 Abil: End Transformatio |       |       |     2 |     4 ||     6
  Use: Potion            |     1 |     1 |     1 |     1 ||     4
       Scroll            |       |       |       |     1 ||     1
 Stab: Sleeping          |       |     2 |     1 |       ||     3
  Eat: Ration            |       |       |     1 |     4 ||     5
       Chunk             |       |       |     1 |       ||     1
Armor: Skin              |       |       |     2 |       ||     2
       Robe              |       |       |       |     7 ||     7
Dodge: Dodged            |     4 |     9 |    37 |    30 ||    80
